Map: Newkirk Precinct TE (Void)

Players

WoXs - Winner!

  • Race: Zerg Zerg
  • League: Diamond
  • Spawn Location: 5:00

Musumeci

  • Race: Zerg Zerg
  • League: Diamond
  • Spawn Location: 7:00

VOD

Have the link to the VOD?

Description

Time

  • Played on: Jan. 17, 2017, 1:12 p.m.
  • Length: 12:56
Show
View Real Time Build Order
Export as new Build Order

WoXs Zerg - Winner!

Build Orders: Hatch First 

Get SALT Encoding   

  12  0:01  Drone  
  13  0:13  Overlord  
  14  0:21  Drone  
  14  0:25  Drone, Extractor  
  15  0:34  Drone  
  16  0:39  Drone  
  17  0:56  Hatchery  
  16  1:00  Drone  
  16  1:03  Extractor  
  16  1:09  Drone x2  
  18  1:23  Spawning Pool  
  17  1:34  Drone x2  
  19  1:41  Drone  
  20  1:52  Overlord  
  20  2:03  Drone  
  21  2:12  Metabolic Boost  
  21  2:14  Zergling x2  
  22  2:22  Zergling x4  
  24  2:29  Queen  
  26  2:37  Queen  
  28  2:48  Drone  
  28  2:49  Baneling Nest  
  28  2:58  Drone x3  
  31  3:01  Drone  
  31  3:03  Drone  
  33  3:10  Overlord  
  33  3:22  Zergling x6  
  36  3:28  Zergling x2  
  36  3:33  Baneling x2  
  37  3:36  Zergling x2  
  37  3:37  Zergling x2  
  38  4:04  Zergling x12  
  41  4:19  Zergling x4  
  43  4:27  Baneling x2  
  43  4:34  Overlord  
  43  4:41  Roach Warren  
  42  4:51  Queen  
  42  5:09  Drone  
  42  5:10  Drone x5  
  48  5:17  Queen  
  48  5:19  Drone  
  51  5:22  Drone  
  52  5:29  Overlord  
  52  5:40  Extractor  
  52  5:41  Extractor  
  50  5:46  Hatchery  
  47  6:05  Roach x3  
  47  6:06  Roach x2  
  47  6:07  Roach  
  47  6:08  Overlord x2  
  59  6:17  Roach x2  
  55  6:30  Roach x3  
  55  6:31  Roach x2  
  65  6:36  Baneling x2  
  67  6:47  Roach x2  
  67  6:53  Hatchery  
  69  6:58  Roach  
  69  6:59  Roach  
  73  7:13  Zergling x4  
  73  7:14  Zergling x2  
  74  7:50  Zergling x2  
  74  7:51  Zergling x2  
  76  7:52  Overlord x3  
  74  8:14  Roach  
  74  8:15  Roach x6  
  87  8:25  Hatchery  
  87  8:27  Zergling x6  
  75  9:00  Zergling x2  
  75  9:01  Zergling x18  
  80  9:12  Zergling x2  
  80  9:13  Zergling x4  
  75  9:28  Lair  
  75  9:30  Roach x2  
  79  9:36  Roach x2  
  70  9:48  Roach x2  
  70  9:49  Roach x5  
  72  9:58  Drone  
  73  10:02  Evolution Chamber  
  73  10:04  Zergling x2  
  73  10:05  Zergling x8  
  77  10:14  Roach  
  77  10:15  Roach  
  81  10:21  Zergling x4  
  81  10:26  Roach  
  85  10:29  Roach  
  85  10:34  Roach  
  89  10:42  Roach x2  
  92  10:44  Roach x5  
  92  10:46  Zerg Missile Weapons Level 1  
  92  10:47  Glial Reconstitution  
  102  10:51  Roach x2  
  106  10:58  Overlord x2  
  106  11:17  Roach x4  
  106  11:18  Roach x2  
  117  11:41  Roach  
  117  11:42  Roach  
  119  11:53  Baneling x7  
  119  11:58  Roach  
  119  11:59  Overlord x3  
  105  12:32  Roach x4  
  105  12:33  Roach x7  
Show
View Real Time Build Order
Export as new Build Order

Musumeci Zerg 

Build Orders: Hatch First, Zergling Baneling 

Get SALT Encoding   

  12  0:06  Drone  
  13  0:10  Drone  
  14  0:43  Drone, Extractor  
  14  0:44  Hatchery  
  14  0:52  Overlord  
  14  1:02  Drone, Extractor  
  15  1:21  Evolution Chamber  
  15  1:24  Extractor  
  13  1:27  Spawning Pool, Drone  
  13  1:28  Drone  
  14  1:33  Drone  
  14  1:37  Drone  
  16  1:42  Evolution Chamber  
  16  1:49  Drone  
  18  2:16  Queen  
  18  2:17  Queen  
  18  2:20  Zergling x2  
  18  2:22  Drone x4  
  26  2:30  Metabolic Boost  
  26  2:33  Zergling x2  
  27  2:40  Overlord  
  27  2:52  Zergling x2, Baneling Nest  
  27  2:53  Zergling x2  
  28  2:59  Drone  
  28  3:00  Drone  
  28  3:04  Drone  
  31  3:15  Drone x3  
  31  3:19  Overlord  
  34  3:28  Drone x2  
  36  3:40  Baneling x4  
  36  3:42  Zergling x8  
  38  3:57  Baneling  
  38  4:02  Zergling x2  
  38  4:03  Zergling x10  
  42  4:18  Baneling x2  
  42  4:20  Zergling x4  
  42  4:22  Overlord x2  
  43  4:29  Evolution Chamber  
  43  4:31  Overlord x2  
  42  4:39  Overlord  
  42  4:45  Baneling x2  
  40  4:55  Hatchery  
  39  5:01  Zergling x14  
  38  5:13  Zerg Ground Armor Level 1  
  38  5:14  Drone, Extractor  
  38  5:15  Drone x2  
  38  5:18  Drone  
  38  5:19  Drone  
  42  5:22  Drone  
  43  5:33  Baneling x2  
  43  5:45  Baneling  
  40  5:58  Baneling x2  
  40  6:00  Zergling x2  
  40  6:01  Zergling x24  
  53  6:17  Baneling  
  53  6:18  Baneling  
  49  6:30  Baneling  
  49  6:32  Drone x3  
  52  6:33  Drone x10  
  62  6:40  Queen  
  63  6:51  Zergling x6  
  63  6:52  Zergling x2  
  62  7:05  Extractor  
  62  7:06  Extractor, Roach Warren  
  62  7:07  Zerg Missile Weapons Level 1  
  59  7:13  Drone x5  
  59  7:14  Drone x5  
  69  7:16  Overlord  
  65  7:29  Zergling x6  
  62  7:45  Roach x8  
  62  7:51  Roach x4  
  81  8:01  Extractor x2  
  81  8:05  Roach x4  
  76  8:15  Roach x2  
  76  8:16  Overlord x2  
  49  8:42  Roach x2  
  49  8:43  Roach  
  53  8:50  Roach  
  51  9:04  Spine Crawler  
  51  9:05  Spine Crawler x2  
  51  9:07  Spine Crawler  
  47  9:15  Roach x6  
  59  9:30  Roach x3, Spawning Pool  
  62  9:59  Drone  
  67  10:00  Drone x5  
  68  10:21  Lair  
  68  10:25  Queen  
  70  10:48  Drone x4  
  74  10:58  Roach x2  
  70  11:18  Queen, Glial Reconstitution  
  70  11:21  Roach  
  70  11:22  Roach x5  
  83  11:54  Queen  
  83  11:57  Roach x4  
  83  11:58  Roach x3  
  66  12:30  Roach x6  
Tags
 
Add a new tag
Caveats
  • Supply blocks, unpowered buildings, or Contaminate may cause inaccurate times.
  • Supply counts are checked every 10 seconds.